 Dungeon Crawl Stone Soup version 0.18.1-48-g4cf74bf (webtiles) character file.

4454 Alarkh the Archer (level 10, -2/67 HPs)
             Began as a Mummy Hunter on Aug 7, 2016.
             Was a Believer of Okawaru.
             Slain by an orc warrior
             ... wielding a +0 short sword
              (13 damage)
             ... on level 9 of the Dungeon.
             The game lasted 00:13:56 (8651 turns).

Alarkh the Archer (Mummy Hunter)                    Turns: 8651, Time: 00:13:57

Health: -2/67      AC: 10    Str: 16    XL:     10   Next: 15%
Magic:  14/14      EV: 15    Int: 14    God:    Okawaru [**....]
Gold:   588        SH:  0    Dex: 12    Spells: 1 memorised, 13 levels left

rFire  . . .     SeeInvis .     b - +2 quarterstaff (chaos)
rCold  + + .     Gourm    .     I - +1 leather armour {rC+}
rNeg   + + +     Faith    +     (shield currently unavailable)
rPois  ∞         Spirit   .     k - +0 helmet
rElec  .         Dismiss  .     t - +2 cloak {rPois}
rCorr  .         Reflect  .     F - +0 pair of gloves
SustAt .         Harm     .     p - +0 pair of boots
MR     +....                    h - amulet of faith
Stlth  +.........               z - +4 ring of evasion
                                n - ring of protection from fire

@: about to teleport, somewhat resistant to hostile enchantments, very
unstealthy
A: no food or potions, fire vulnerability, cold resistance 1, negative energy
resistance 3, torment resistance, unbreathing
a: Heroism, Renounce Religion


You were on level 9 of the Dungeon.
You worshipped Okawaru.
Okawaru was pleased with you.
You were not hungry.

You visited 2 branches of the dungeon, and saw 10 of its levels.

You collected 588 gold pieces.

Inventory:

Hand Weapons
 a - a +1 shortbow
 b - a +2 quarterstaff of chaos (weapon)
 g - a +0 short sword
 u - a +1 dagger of draining
Missiles
 d - 65 arrows
Armour
 c - a +0 leather armour
 k - a +0 helmet (worn)
 o - a +1 ring mail of poison resistance
 p - a +0 pair of boots (worn)
 t - a +2 cloak of poison resistance (worn)
 F - a +0 pair of gloves (worn)
 I - a +1 leather armour of cold resistance (worn)
Jewellery
 h - an amulet of faith (around neck)
 l - an uncursed ring of see invisible
 n - a ring of protection from fire (left hand)
 z - a +4 ring of evasion (right hand)
 J - an uncursed ring of ice
Wands
 m - a wand of flame (25/48)
 B - a wand of paralysis (9/24)
 G - a wand of polymorph (18/24)
Scrolls
 e - a scroll of identify
 f - 2 scrolls of noise
 i - a scroll of random uselessness
 j - 2 scrolls of teleportation
 q - 4 scrolls of blinking {unknown}
 r - 3 scrolls of enchant armour
 s - 4 scrolls of remove curse
 v - a scroll of enchant weapon
 w - a scroll of immolation
 x - a scroll of magic mapping
 y - 3 scrolls of torment
 A - a scroll of fog {unknown}
 H - a scroll of vulnerability {unknown}
 K - a scroll of holy word {unknown}
 L - a scroll of recharging {unknown}
Books
 C - a book of Envenomations

   Spells                             Type                      Level
   a - Spider Form                    Transmutation/Poison         3
   b - Olgreb's Toxic Radiance        Poison                       4
   c - Alistair's Intoxication        Transmutation/Poison         5
   d - Poisonous Cloud                Conjuration/Poison/Air       6
 D - a book of Air

   Spells                             Type                      Level
   a - Shock                          Conjuration/Air              1
   b - Swiftness                      Charms/Air                   2
   c - Repel Missiles                 Charms/Air                   2
   d - Static Discharge               Conjuration/Air              3
   e - Lightning Bolt                 Conjuration/Air              5
 E - a book of Alchemy

   Spells                             Type                      Level
   a - Sublimation of Blood           Necromancy                   2
   b - Ignite Poison                  Fire/Transmutation/Poison    3
   c - Petrify                        Transmutation/Earth          4
   d - Alistair's Intoxication        Transmutation/Poison         5
   e - Irradiate                      Conjuration/Transmutation    5


   Skills:
 - Level 2.0 Fighting
 + Level 4.0 Staves
 + Level 10.8 Bows
 - Level 1.5 Dodging
 - Level 0.7 Stealth
 + Level 3.1 Spellcasting
 + Level 2.9 Charms
 + Level 2.9 Air Magic


You had 13 spell levels left.
You knew the following spells:

 Your Spells              Type           Power        Failure   Level  Hunger
d - Repel Missiles        Chrm/Air       ##....       14%         2    N/A

Dungeon Overview and Level Annotations

Branches:
Dungeon (9/15)             Temple (1/1) D:7
   Lair: D:8-11         Orc: D:9-12

Altars:
Cheibriados
Dithmenos
Elyvilon
Fedhas
Gozag
Kikubaaqudgha
Makhleb
Nemelex Xobeh
Okawaru
Pakellas
Qazlal
Ru
Sif Muna
Trog
Vehumet
Xom
Yredelemnul
Zin
The Shining One

Shops:
D:4 (


Innate Abilities, Weirdness & Mutations

You do not eat or drink.
Your flesh is vulnerable to fire.
You are immune to poison.
Your flesh is cold resistant.
You are immune to negative energy.
You are immune to unholy pain and torment.
You can survive without breathing.


Message History

The orc warrior is moderately wounded.
The orc warrior hits you with a short sword!
The orc priest calls upon Beogh to heal the orc warrior.
The orc warrior is healed somewhat.
You hit the orc warrior. You freeze the orc warrior.
The orc warrior is moderately wounded.
The orc warrior hits you but does no damage.
The orc priest miscasts a cantrip.
You closely miss the orc warrior.
The orc warrior is moderately wounded.
The orc warrior hits you with a short sword!
The orc priest mumbles some strange prayers to Beogh against you.
Beogh smites you!
* * * LOW HITPOINT WARNING * * *
The orc warrior hits you but does no damage.
Read which item? (? for menu, Esc to quit)
As you read the scroll of teleportation, it crumbles to dust.
You feel strangely unstable.
The orc warrior hits you with a short sword!
You die...

# #....####
#.........# #
#....# #####'#####
##.### ##.# #..
##..# ### #..##
###.#####
###.......#
#.........#
#@#.......#
#o#.......#
...o..oo#.......#
......###.........
...... #.......###
..... #.......#
..... #########
####


You could see an orc warrior and 2 orcs.

Vanquished Creatures
  Grinder (D:4)
  Sigmund (D:6)
  Eustachio (D:4)
  2 hippogriffs
  A hungry ghost (D:6)
  Menkaure (D:5)
  Edmund (D:5)
  Duvessa (D:5)
  4 ice beasts
  4 orc warriors
  2 sky beasts (D:6)
  A black bear (D:8)
  3 ogres
  A centaur (D:6)
  A crocodile (D:8)
  The ghost of amialc the Charmwright, an amateur SpSk (D:4)
  3 giant frogs
  2 big kobolds
  Dowan (D:5)
  4 wights (D:8)
  3 crimson imps
  A wasp zombie (D:7)
  A hound (D:8)
  A jelly (D:7)
  A quasit (D:9)
  A centaur skeleton (D:4)
  3 orc priests
  A giant frog skeleton (D:8)
  Crazy Yiuf (D:3)
  Jessica (D:3)
  3 iguanas
  Ijyb (D:2)
  7 orc wizards
  6 worker ants
  A hound zombie (D:8)
  2 hound skeletons (D:4)
  7 gnolls
  11 adders
  A shadow imp (D:8)
  5 worms
  2 dart slugs
  5 giant geckos
  24 orcs
  5 bats
  5 giant cockroaches
  8 goblins
  9 hobgoblins
  16 jackals
  3 kobolds
  2 quokkas
  3 ball pythons
  A giant gecko skeleton (D:9)
  6 giant newts
  A jackal zombie (D:6)
  6 rats
190 creatures vanquished.

Notes
Turn   | Place    | Note
--------------------------------------------------------------
     0 | D:1      | Alarkh the Mummy Hunter began the quest for the Orb.
     0 | D:1      | Reached XP level 1. HP: 16/16 MP: 1/1
    63 | D:1      | Reached XP level 2. HP: 20/22 MP: 2/2
   706 | D:2      | Noticed Ijyb
   770 | D:2      | Reached skill level 4 in Bows
   770 | D:2      | Reached XP level 3. HP: 10/27 MP: 3/3
   777 | D:2      | Killed Ijyb
  1178 | D:2      | Reached XP level 4. HP: 31/33 MP: 4/4
  1828 | D:3      | Noticed Jessica
  1832 | D:3      | Killed Jessica
  1832 | D:3      | Reached skill level 5 in Bows
  1899 | D:3      | Noticed an ice beast
  1905 | D:3      | Killed an ice beast
  1905 | D:3      | Reached XP level 5. HP: 26/38 MP: 5/5
  2384 | D:3      | Noticed Crazy Yiuf
  2388 | D:3      | Killed Crazy Yiuf
  2388 | D:3      | Reached skill level 6 in Bows
  2529 | D:4      | Reached XP level 6. HP: 39/44 MP: 6/6
  2540 | D:4      | Noticed Grinder
  2551 | D:4      | Killed Grinder
  2736 | D:4      | Reached skill level 7 in Bows
  2788 | D:4      | Reached XP level 7. HP: 36/50 MP: 7/7
  2876 | D:4      | Noticed amialc's ghost (amateur SpSk)
  3059 | D:4      | Killed amialc's ghost
  3098 | D:4      | Noticed Eustachio
  3105 | D:4      | Killed Eustachio
  3130 | D:4      | Found Xedd's Weapon Shop.
  3139 | D:4      | Reached skill level 8 in Bows
  3166 | D:5      | Entered Level 5 of the Dungeon
  3265 | D:5      | Noticed Menkaure
  3283 | D:5      | Killed Menkaure
  3283 | D:5      | Reached XP level 8. HP: 56/56 MP: 8/8
  3376 | D:5      | Noticed Edmund
  3396 | D:5      | Killed Edmund
  3546 | D:5      | Found a bloodstained altar of Trog.
  3665 | D:5      | Noticed Duvessa
  3666 | D:5      | Noticed Dowan
  3678 | D:5      | Killed Duvessa
  3678 | D:5      | Reached skill level 9 in Bows
  3710 | D:5      | Killed Dowan
  4703 | D:4      | Reached skill level 10 in Bows
  4847 | D:4      | Reached skill level 1 in Staves
  5231 | D:6      | Noticed Sigmund
  5242 | D:6      | Killed Sigmund
  5242 | D:6      | Reached XP level 9. HP: 61/61 MP: 9/9
  5350 | D:6      | Learned a level 2 spell: Repel Missiles
  5868 | D:7      | Found a staircase to the Ecumenical Temple.
  5877 | Temple   | Entered the Ecumenical Temple
  5949 | Temple   | Became a worshipper of Warmaster Okawaru
  5972 | D:7      | Reached skill level 1 in Charms
  5972 | D:7      | Reached skill level 1 in Air Magic
  6107 | D:7      | Reached skill level 1 in Spellcasting
  6163 | D:7      | Found a shadowy altar of Dithmenos.
  6216 | D:7      | Reached * piety under Okawaru
  6701 | D:8      | Found a basalt altar of Yredelemnul.
  7599 | D:8      | Reached ** piety under Okawaru
  7812 | D:9      | Reached XP level 10. HP: 62/67 MP: 14/14
  8468 | D:9      | Found an opulent altar of Gozag.
  8493 | D:9      | Found a sacrificial altar of Ru.
  8509 | D:9      | Found a radiant altar of Vehumet.
  8514 | D:9      | Found a snail-covered altar of Cheibriados.
  8651 | D:9      | Slain by an orc warrior

Skill      XL: |  1  2  3  4  5  6  7  8  9 10 |
---------------+-------------------------------+-----
Bows           | 4 5 6 7 8 10 | 10.8
Staves         | 2 3 4 |  4.0
Charms         | 2 |  2.9
Air Magic      | 2 |  2.9
Spellcasting   | 2 3 |  3.1
Fighting       | |  2.0
Dodging        | |  1.5
Stealth        | |  0.7

Action                   |  1- 3 |  4- 6 |  7- 9 | 10-12 || total
-------------------------+-------+-------+-------+-------++-------
Melee: Dagger            |    13 |     2 |       |       ||    15
       Quarterstaff      |       |    12 |   318 |    71 ||   401
 Fire: Shortbow          |    84 |   137 |   261 |    30 ||   512
  Use: Scroll            |     2 |     1 |     9 |     1 ||    13
 Stab: Paralysed         |       |       |     9 |     2 ||    11
       Confused          |       |       |     1 |       ||     1
       Sleeping          |       |       |     1 |       ||     1
Armor: Leather armour    |    11 |     3 |    33 |    19 ||    66
       Ring mail         |       |    22 |   134 |       ||   156
Dodge: Dodged            |    27 |    38 |   253 |    47 ||   365
